 Dungeon Crawl Stone Soup version 0.25-a0-435-g4b9beb1024 (webtiles) character file.

Game seed: 10407991491308325497, levelgen mode: deterministic

71 Horrz the Conjurer (level 4, 33/33 HPs)
             Began as a Draconian Conjurer on Dec 7, 2019.
             Quit the game on level 2 of the Dungeon on Mar 21, 2020.
             The game lasted 00:17:02 (1668 turns).

Horrz the Conjurer (Draconian Conjurer)             Turns: 1668, Time: 00:17:02

Health: 33/33      AC:  6    Str: 10    XL:     4   Next: 5%
Magic:  7/8        EV: 12    Int: 17    God:
Gold:   58         SH:  0    Dex: 11    Spells: 6/9 levels left

rFire    . . .     SeeInvis .   h - +0 hunting sling
rCold    . . .     Gourm    .   (no shield)
rNeg     . . .     Faith    .   (armour unavailable)
rPois    .         Spirit   .   (helmet restricted)
rElec    .         Reflect  .   f - +0 cloak
rCorr    .         Harm     .   (no gloves)
MR       .....                  (no boots)
Stlth    ++........             (no amulet)
HPRegen  0.11/turn              (no ring)
MPRegen  0.11/turn              (no ring)

@: no status effects
A: unfitting armour, cold-blooded, AC +5
a: no special abilities


You were on level 2 of the Dungeon.
You were not hungry.

You visited 1 branch of the dungeon, and saw 4 of its levels.

You collected 58 gold pieces.

Inventory:

Hand Weapons
 c - a +0 mace
 h - a +0 hunting sling (weapon)
Missiles
 m - 6 sling bullets (quivered)
 n - 33 stones
Armour
 f - a +0 cloak (worn)
Scrolls
 a - a scroll of teleportation {unknown}
 d - a scroll of fog {unknown}
 e - 2 scrolls of identify {unknown}
 j - 2 scrolls of remove curse {unknown}
 k - a scroll of noise {unknown}
 o - a scroll of fear {unknown}
 p - a scroll of enchant armour {unknown}
Comestibles
 b - 5 rations


   Skills:
 - Level 1.7 Dodging
 - Level 1.7 Stealth
 + Level 3.2 Spellcasting
 + Level 4.9 Conjurations


You had 6 spell levels left.
You knew the following spells:

 Your Spells              Type           Power        Failure   Level  Hunger
a - Magic Dart            Conj           ###.         2%          1    None
b - Searing Ray           Conj           ###...       3%          2    ##.....

Your spell library contained the following spells:

 Spells                   Type           Power        Failure   Level  Hunger
 Dazzling Flash           Conj/Hex       ##....       19%         3    ###....
 Fulminant Prism          Conj/Hex       ##........   52%         4    ####...
 Iskenderun's Mystic Bla  Conj/Tloc      ##......     52%         4    ####...


Dungeon Overview and Level Annotations

Branches:
Dungeon (4/15)
 Temple: D:4-7

Altars:

Annotations:
D:4 Grinder


Innate Abilities, Weirdness & Mutations

Your plain brown scales are hard. (AC +5)
You cannot fit into any form of body armour.
You are cold-blooded and may be slowed by cold attacks.


Message History

Found an escape hatch in the ceiling.
A frilled lizard comes into view.
The frilled lizard moves out of view.
The frilled lizard hisses angrily.
The frilled lizard is too close now for your liking.
Casting: Searing Ray (safe; 3% risk of failure)
Confirm with . or Enter, or press ? or * to list all spells.
Aiming: Magic Dart (safe; 2% risk of failure)
Press: ? - help, Shift-Dir - straight line, f - frilled lizard
Aim: a frilled lizard The magic dart hits the frilled lizard.
You kill the frilled lizard!
Okay, then.
Saving game... please wait.
Welcome back, Horrz the Draconian Conjurer.
Press ? for a list of commands and other information.
Saving game... please wait.
Welcome back, Horrz the Draconian Conjurer.
Press ? for a list of commands and other information.
Are you sure you want to abandon this character and quit the game? (Confirm with "yes".)

#.########
#........#
########.#
#.# #.# #.#
#.#
#.##########
#...@.....†.
############


There were no monsters in sight!

Vanquished Creatures
  A worker ant (D:3)
  An adder (D:2)
  2 worms (D:2)
  A dart slug (D:4)
  3 bats (D:1)
  A bat zombie (D:1)
  2 giant cockroaches
  2 goblins (D:1)
  6 hobgoblins
  4 kobolds (D:1)
  A ball python (D:1)
  A frilled lizard (D:2)
  A quokka zombie (D:1)
  3 rats (D:1)
29 creatures vanquished.

Notes
Turn   | Place    | Note
-------+----------+-------------------------------------------
     0 | D:1      | Horrz the Draconian Conjurer began the quest for the Orb.
     0 | D:1      | Reached XP level 1. HP: 14/14 MP: 3/3
   245 | D:1      | Reached XP level 2. HP: 20/20 MP: 0/5
   308 | D:1      | Learned a level 2 spell: Searing Ray
   424 | D:1      | Upgraded the game from 0.25-a0-263-g9d16a9d099 to
                  | 0.25-a0-294-gea9b1ad378
   989 | D:2      | Reached XP level 3. HP: 25/26 MP: 4/7
  1145 | D:2      | You fall into a shaft and drop 2 floors!
  1165 | D:4      | Noticed Grinder
  1174 | D:4      | Noticed an ogre
  1187 | D:4      | HP: 1/26 [poisoned by a worker ant]
  1523 | D:2      | Reached XP level 4. HP: 33/33 MP: 2/8
  1668 | D:2      | Upgraded the game from 0.25-a0-294-gea9b1ad378 to
                  | 0.25-a0-435-g4b9beb1024
  1668 | D:2      | Quit the game

Levels and vault maps discovered:
D:1:      saegor_arrival_fortress, layout_rooms
D:2:      layout_loops_ring, first_ration
D:3:      layout_rooms, uniq_natasha, uniq_crazy_yiuf_cottage, uniq_sigmund
D:4:      layout_rooms, serial_shops, kennysheep_mini, hangedman_decor_opposing,
          uniq_grinder, uniq_menkaure, uniq_blork_the_orc, uniq_edmund

Skill      XL: |  1  2  3 |
---------------+----------+-----
Spellcasting   | 3 |  3.2
Dodging        | |  1.7
Stealth        | |  1.7
Conjurations   | |  4.9

Action                   |  1- 3 |  4- 6 || total
-------------------------+-------+-------++-------
Melee: Unarmed           |     3 |       ||     3
       Mace              |     7 |       ||     7
       Tailslap          |     1 |       ||     1
 Fire: Hunting sling     |    23 |       ||    23
 Cast: Magic Dart        |    63 |     1 ||    64
       Searing Ray       |     1 |       ||     1
  Use: Potion            |     3 |       ||     3
  Eat: Chunk             |     1 |       ||     1
       Ration            |       |     1 ||     1
Armor: Skin              |    18 |       ||    18
Dodge: Dodged            |    49 |       ||    49

Table legend:
 A = Non-vault XP
 B = Vault XP
 C = Vault XP percentage of total XP
 D = Non-vault monster count
 E = Vault monster count
 F = Vault count percentage of total count
                 A         B        C        D         E       F
            +---------+---------+-------+---------+---------+-------
      Total |      99 |       3 |   2.9 |      27 |       2 |   6.9
            +---------+---------+-------+---------+---------+-------
        D:1 |      32 |       3 |   8.6 |      19 |       2 |   9.5
        D:2 |      29 |       0 |   0.0 |       6 |       0 |   0.0
        D:3 |      34 |       0 |   0.0 |       1 |       0 |   0.0
        D:4 |       4 |       0 |   0.0 |       1 |       0 |   0.0
            +---------+---------+-------+---------+---------+-------
